 Dungeon Crawl Stone Soup version 0.31-a0-152-g6aa68a64a1 (webtiles) character file.

Game seed: 5144280334806715805

1665411 Midn8 the Slayer (level 24, 249/249 HPs)
             Began as a Pale Draconian Summoner on June 9, 2023.
             Was the Champion of Ashenzari.
             Escaped with the Orb
             ... and 3 runes on June 10, 2023!
             The game lasted 05:09:23 (63733 turns).

Midn8 the Slayer (Pale Draconian Summoner)         Turns: 63733, Time: 05:09:24

Health: 249/249    AC: 20    Str: 14    XL:     24   Next: 16%
Magic:  42/47      EV: 31    Int: 32    God:    Ashenzari [******]
Gold:   2090       SH:  0    Dex: 17    Spells: 2/64 levels left

rFire   + . .        t - +10 whip "Gaze Upon Infinity" {elec, rElec rC+ rCorr Str+2, Comp, Alch} (curse)
rCold   + + +        w - orb of Toth-Mos's Legacy {*channel, Comp, Self} (curse)
rNeg    . . .        (body armour unavailable)
rPois   .            r - +2 hat "Scepticism of Ashenzari" {SInv, Self, Cun} (curse)
rElec   +            n - scarf "Per Aspera Ad Scientiam" {rC+ rF+, rCorr Str+5 Int+5, Cun, Bglg} (curse)
rCorr   +            l - +2 pair of gloves of the Sibylline Lethargy {Alch, Comp} (curse)
SInv    +            c - +2 pair of boots "Repose of Ashenzari" {Cun, Comp} (curse)
Will    +....        O - amulet "Thunder Perfect Mind" {Regen+, Comp, Self} (curse)
Stlth   +            s - ring of Ashenzari's Loss {Int+6, Elem, Alch} (curse)
HPRegen 1.41/turn    h - ring of Apeoromancy {rC+++ rCorr EV+5 Str-5, Alch, Elem} (curse)
MPRegen 0.30/turn

%: clarity, channel magic (20%)
@: studying Summonings
A: breathe steam, AC +12, unfitting armour, cold-blooded, steam resistance,
noise suppression
0: Orb of Zot
}: 3/15 runes: decaying, abyssal, gossamer
a: Breathe Steam, Renounce Religion, Shatter the Chains


You escaped.
You worshipped Ashenzari.
Ashenzari was exalted by your worship.
You visited 9 branches of the dungeon, and saw 44 of its levels.
You visited the Abyss 2 times.
You visited 1 bazaar.
You also visited: Wizlab.

You collected 5071 gold pieces.
You spent 2981 gold pieces at shops.

Inventory:

Hand Weapons
 t - the cursed +10 whip "Gaze Upon Infinity" (weapon) {elec, rElec rC+ rCorr Str+2, Comp, Alch}
   (You found it on level 7 of the Dungeon)

   Str:       It affects your strength (+2).
   rC:        It protects you from cold.
   rElec:     It insulates you from electricity.
   rCorr:     It protects you from acid and corrosion.
   It has a curse which improves the following skills: Companions: Summonings
   and Necromancy.
   Alchemy:   Poison Magic and Transmutations.
 P - a +3 demon whip of draining
Missiles
 j - 71 poisoned darts (quivered)
 o - 2 throwing nets
 Y - 4 curare-tipped darts
Armour
 c - the cursed +2 pair of boots "Repose of Ashenzari" (worn) {Cun, Comp}
   (You found it on level 1 of the Dungeon)

   It has a curse which improves the following skills: Cunning: Dodging and
   Stealth.
   Companions: Summonings and Necromancy.
 l - the cursed +2 pair of gloves of the Sibylline Lethargy (worn) {Alch, Comp}
   (You found it on level 3 of the Dungeon)

   It has a curse which improves the following skills: Alchemy: Poison Magic and
   Transmutations.
   Companions: Summonings and Necromancy.
 n - the cursed scarf "Per Aspera Ad Scientiam" (worn) {rC+ rF+, rCorr Str+5 Int+5, Cun, Bglg}
   (You acquired it on level 5 of the Dungeon)

   Str:       It affects your strength (+5).
   Int:       It affects your intelligence (+5).
   rCorr:     It protects you from acid and corrosion.
   It has a curse which improves the following skills: Cunning: Dodging and
   Stealth.
   Beguiling: Conjurations, Hexes and Translocations.
 r - the cursed +2 hat "Scepticism of Ashenzari" (worn) {SInv, Self, Cun}
   (You bought it in a shop in a bazaar)

   It has a curse which improves the following skills: Introspection: Fighting
   and Spellcasting.
   Cunning:   Dodging and Stealth.
 w - the cursed orb of Toth-Mos's Legacy (worn) {*channel, Comp, Self}
   (You bought it in a shop on level 4 of the Dungeon)

   It has a curse which improves the following skills: Companions: Summonings
   and Necromancy.
   Introspection: Fighting and Spellcasting.
 W - a +2 pair of gloves of dexterity
Jewellery
 h - the cursed ring of Apeoromancy (right hand) {rC+++ rCorr EV+5 Str-5, Alch, Elem}
   (You bought it in a shop on level 2 of the Orcish Mines)

   [ring of evasion]

   EV:        It affects your evasion (+5).
   Str:       It affects your strength (-5).
   rC:        It renders you almost immune to cold.
   rCorr:     It protects you from acid and corrosion.
   It has a curse which improves the following skills: Alchemy: Poison Magic and
   Transmutations.
   Elements:  Fire Magic, Ice Magic, Air Magic and Earth Magic.
 s - the cursed ring of Ashenzari's Loss (left hand) {Int+6, Elem, Alch}
   (You took it off an orc on level 6 of the Dungeon)

   [ring of intelligence]

   Int:       It affects your intelligence (+6).
   It has a curse which improves the following skills: Elements: Fire Magic, Ice
   Magic, Air Magic and Earth Magic.
   Alchemy:   Poison Magic and Transmutations.
 O - the cursed amulet "Thunder Perfect Mind" (around neck) {Regen+, Comp, Self}
   (You found it on level 2 of the Lair of Beasts)

   [amulet of regeneration]

   Regen:     It increases your rate of health regeneration.
   It has a curse which improves the following skills: Companions: Summonings
   and Necromancy.
   Introspection: Fighting and Spellcasting.
Wands
 k - a wand of digging (10)
 v - a wand of flame (94)
 z - a wand of mindburst (20)
 A - a wand of paralysis (31)
 F - a wand of acid (20)
 I - a wand of iceblast (31)
 U - a wand of polymorph (1)
Scrolls
 g - 10 scrolls of immolation
 q - 4 scrolls of enchant armour
 u - 2 scrolls of enchant weapon
 x - 6 scrolls of fear
 y - 8 scrolls of teleportation
 D - 5 scrolls of fog
 L - 2 scrolls of silence
 M - 2 scrolls of summoning
 R - 7 scrolls of blinking
 S - 8 scrolls of amnesia
Potions
 a - 3 potions of magic
 b - 13 potions of curing
 e - 5 potions of resistance
 f - 8 potions of brilliance
 i - 3 potions of mutation
 m - 10 potions of heal wounds
 p - 8 potions of lignification
 B - 3 potions of cancellation
 C - 6 potions of enlightenment
 E - 4 potions of attraction
 H - 7 potions of ambrosia
 J - 4 potions of haste
 N - a potion of invisibility
 T - 3 potions of might
Miscellaneous
 d - a condenser vane
 G - a phial of floods
 K - a lightning rod (4/4)
 Q - a phantom mirror
 V - a piece from Xom's chessboard (15/15)
 X - a sack of spiders


   Skills:
 - Level 24.0(27) Fighting
 - Level 4.3 Maces & Flails
 + Level 18.4(22.8) Dodging
 - Level 1.7(4.8) Stealth
 - Level 10.8 Unarmed Combat
 - Level 16.0(20.6) Spellcasting
 - Level 9.8(12.3) Conjurations
 - Level 12.1(18.7) Summonings
 - Level 11.7(14.1) Translocations
 - Level 5.5(10.9) Transmutations
 - Level 9.8(13.4) Fire Magic
 - Level 6.2(9.8) Ice Magic
 - Level 18.0(21.4) Air Magic
 - Level 4.0 Evocations


You had 2 spell levels left.
You knew the following spells:

 Your Spells              Type           Power      Damage    Failure   Level
a - Airstrike             Air            53%        2d(8-24)  1%          4
b - Plasma Beam           Fire/Air       49%        2x1d63    1%          6
c - Malign Gateway        Summ/Tloc      47%        N/A       5%          7
d - Storm Form            Tmut/Air       47%        N/A       5%          7
f - Freezing Cloud        Conj/Ice/Air   45%        6-21      1%          5
g - Conjure Ball Lightni  Conj/Air       48%        3x3d17    1%          6
h - Summon Hydra          Summ           50%        N/A       3%          7
m - Maxwell's Capacitive  Air            53%        ∞         5%          8
r - Irradiate             Conj/Tmut      41%        3d25      2%          5
s - Summon Lightning Spi  Summ/Air       100%       N/A       1%          4
S - Swiftness             Air            100%       N/A       1%          3

Your spell library contained the following spells:

 Spells                   Type           Power      Damage    Failure   Level
 Foxfire                  Conj/Fire      100%       2x1d9     1%          1
 Magic Dart               Conj           100%       1d8       1%          1
 Shock                    Conj/Air       100%       1d9       1%          1
 Summon Small Mammal      Summ           100%       N/A       1%          1
 Blink                    Tloc           100%       N/A       1%          2
 Call Imp                 Summ           100%       N/A       1%          2
 Cigotuvi's Dreadful Rot  Necr/Pois/Air  100%       N/A       1%          2
 Passwall                 Tmut/Erth      51%        N/A       1%          2
 Scorch                   Fire           100%       2d9       1%          2
 Searing Ray              Conj           100%       2d8       1%          2
 Static Discharge         Conj/Air       100%       2-7/arc   1%          2
 Ensorcelled Hibernation  Hex/Ice        100%       N/A       2%          2
 Call Canine Familiar     Summ           100%       N/A       1%          3
 Ignite Poison            Fire/Tmut/Pois 72%        N/A       1%          3
 Mephitic Cloud           Conj/Pois/Air  82%        N/A       1%          3
 Portal Projectile        Hex/Tloc       100%       N/A       1%          3
 Summon Guardian Golem    Hex/Summ       76%        N/A       1%          3
 Volatile Blastmotes      Fire/Tloc      100%       2d18      1%          3
 Iskenderun's Mystic Bla  Conj/Tloc      87%        2d17      1%          4
 Manifold Assault         Tloc           89%        N/A       1%          4
 Sticky Flame             Conj/Fire      86%        2d10      1%          4
 Fireball                 Conj/Fire      43%        3d17      1%          5
 Summon Forest            Summ/Tloc      47%        N/A       1%          5
 Dazzling Flash           Conj/Hex       100%       N/A       2%          3
 Inner Flame              Hex/Fire       67%        N/A       2%          3
 Spider Form              Tmut/Pois      63%        N/A       2%          3
 Stone Arrow              Conj/Erth      100%       3d13      2%          3
 Blade Hands              Tmut           40%        N/A       2%          5
 Silence                  Hex/Air        40%        N/A       2%          5
 Fulminant Prism          Conj/Hex       32%        3d16      4%          4
 Starburst                Conj/Fire      43%        6d12      4%          6
 Petrify                  Tmut/Erth      62%        N/A       5%          4
 Yara's Violent Unravell  Hex/Tmut       31%        3d13      10%         5
 Summon Horrible Things   Summ           50%        N/A       11%         8
 Metabolic Englaciation   Hex/Ice        30%        N/A       12%         5
 Dispel Undead            Necr           39%        3d16      19%         4
 Anguish                  Hex/Necr       18%        N/A       21%         4
 Eringya's Noxious Bog    Tmut/Pois      31%        N/A       32%         6
 Statue Form              Tmut/Erth      41%        N/A       34%         6
 Ignition                 Fire           43%        3d13      47%         8
 Death Channel            Necr           19%        N/A       87%         6
 Enfeeble                 Hex            17%        N/A       100%        7
 Lehudib's Crystal Spear  Conj/Erth      32%        10d8      100%        8
 Animate Armour           Summ/Erth      Unusable   N/A       N/A         4

Dungeon Overview and Level Annotations

Branches:
Dungeon (15/15)            Temple (0/1) D:6            Lair (5/5) D:11
  Swamp (4/4) Lair:3       Spider (4/4) Lair:3        Slime (0/5) Lair:5
    Orc (2/2) D:10            Elf (1/3) Orc:2        Vaults (4/5) D:13
  Crypt (0/3) Vaults:2     Depths (4/4) D:15            Zot (5/5) Depths:4
 WizLab (visited)

Altars:
Ashenzari
Dithmenos
Elyvilon
Gozag
Kikubaaqudgha
Nemelex Xobeh
Okawaru
Qazlal
Ru
Vehumet
Xom
Zin
The Shining One
Jiyva

Shops:
D:1 :   D:2 !   D:4 [   Orc:1 (   Orc:2 =(*[   Vaults:1 (   Vaults:2 *
Vaults:4 !   Depths:4 [*(

Portals:
Hell: Depths:1 Depths:2 Depths:3 Depths:4
Abyss: Vaults:4 Depths:1 Depths:3 Depths:4
Pandemonium: Depths:1 Depths:2
Ziggurat: Depths:3
Trove: Depths:4 (give 13 potions of heal wounds)

Annotations:
Spider:2 2 transporters
Vaults:4 2 transporters, Qeunemit's ghost, adept GrFi
Depths:3 36 runed doors
Zot:3 bakla's ghost, veteran DsBr


Innate Abilities, Weirdness & Mutations

You can breathe blasts of scalding, opaque steam.
Your pale cyan-grey scales are hard. (AC +12)
You cannot fit into any form of body armour.
You are cold-blooded and may be slowed by cold attacks.
You are immune to the effects of steam.
You passively dampen the noise of your surroundings.


Message History

You feel resistant to extremes of temperature.
You feel perceptive.
HP restored.
There is a stone staircase leading up here.
You climb upwards.
There is a stone staircase leading down here.
There is a stone staircase leading up here.
You climb upwards.
There is a stone staircase leading down here.
There is a stone staircase leading up here.
You climb upwards.
There is a stone staircase leading down here.
You see here a +0 whip.
There is a stone staircase leading up here.
You climb upwards.
There is a stone staircase leading down here.
There is an open door here.
There is a stone staircase leading up here.
You climb upwards.
There is a stone staircase leading down here.
There is an open door here.
A red devil comes into view. It is wielding a +0 trident.
Casting: Storm Form (mildly dangerous; 5% risk of failure)
Confirm with . or Enter, or press ? or * to list all spells.
You begin accumulating electric charge. (Press . to continue charging.)
You feel charge building up...
You feel charge building up...
You feel charge building up...
The electricity discharges through the red devil!!
The red devil vaporises in an electric haze!
You kill the red devil!
Training target 22.0 for Dodging reached!
You need to enable at least one skill for training.
An orange demon comes into view.
You see here a +0 trident.
The orange demon completely misses you.
The orange demon hits you but does no damage.
There is a staircase leading out of the dungeon here.
The orange demon completely misses you. The orange demon misses you.
You have escaped!

##### ######4@.######
###........)....###
####.................####
#..'.................'..###
##.##.................##...###
##..####.............######...#
###..## ###.........### ###..
#...## ###.....### ##. ..###
###.........### #.


You could see an orange demon.

Vanquished Creatures
  An ancient lich (Zot:5)
  Mara (Vaults:3)
  2 orbs of fire (Zot:5)
  Vv (Depths:4)
  3 Killer Klowns (Zot:5)
  Bai Suzhen (Vaults:3)
  Xtahua (Vaults:3)
  5 caustic shrikes
  5 golden dragons
  3 bone dragons
  Nikola (Spider:3)
  A profane servitor (D:10)
  An electric golem (Zot:5)
  Jorgrun (Spider:2)
  A hellephant (D:11)
  15 tentacled monstrosities
  A walking crystal tome (Depths:2)
  3 liches
  A titan (Depths:3)
  21 Orb Guardians
  Rupert (Spider:1)
  A walking earthen tome (WizLab)
  A walking frostbound tome (Depths:2)
  A walking divine tome (Depths:3)
  The ghost of Konionua the Bewitcher, an adept KoEn of Dithmenos (Vaults:3)
  A kraken (Abyss:3)
  2 death cobs
  5 sphinxes
  3 shadow dragons
  4 tentacled starspawn
  3 thorn hunters
  3 storm dragons
  3 tengu reavers
  A draconian monk (Zot:5)
  A revenant (Abyss:3)
  10 frost giants
  3 draconian knights (Zot:3)
  A fenstrider witch (Swamp:3)
  The ghost of AwFulAwFulPlayer the Fencer, an adept DsCK of Xom (D:15)
  Donald (Vaults:1)
  8 fire giants
  8 vault wardens
  Aizul (Swamp:2)
  2 draconian scorchers
  4 draconian stormcallers
  3 ghost moths
  2 draconian shifters
  3 emperor scorpions
  2 balrugs (Depths:2)
  3 orc warlords
  5 ghouls
  11 ironbound preservers
  A spriggan defender (Depths:3)
  A cacodemon (Abyss:3)
  A draconian annihilator (Zot:5)
  5 broodmothers
  12 very ugly things
  2 formless jellyfish
  3 ironbound thunderhulks
  12 stone giants
  Nessos (Orc:2)
  3 black draconians
  4 eleionomae
  A green draconian (Depths:4)
  3 vampire knights
  2 bunyips
  2 yellow draconians
  2 red draconians
  A purple draconian (Zot:5)
  4 dire elephants
  7 spark wasps
  A white draconian (Zot:3)
  2 fire dragons
  11 ettins
  A jiangshi (Abyss:3)
  9 entropy weavers
  6 yaktaur captains
  7 great orbs of eyes
  A deep elf high priest (Depths:4)
  2 merfolk javelineers (Depths:1)
  2 shambling mangroves
  6 vault guards (Vaults:4)
  14 ice dragons
  A ghost crab (Abyss:3)
  7 rakshasas
  A catoblepas (Lair:5)
  A peacekeeper (Vaults:4)
  8 boulder beetles
  13 centaur warriors
  20 hydras
  3 jorogumos
  10 alligators
  4 radroaches
  8 spriggan air magi
  5 dancing weapons (WizLab)
  5 ironbound frosthearts
  A death knight (D:15)
  Erica (D:9)
  A death scarab (Spider:1)
  8 tengu warriors
  13 deep troll shamans
  2 two-headed ogres
  8 death yaks
  A vampire mage (Depths:3)
  3 deep troll earth magi
  3 orc high priests (Orc:2)
  8 thrashing horrors
  6 demonic crawlers
  3 hell hogs (Depths:2)
  5 soul eaters
  8 spriggan berserkers
  A shock serpent (shapeshifter) (Depths:3)
  3 hell knights
  3 sun demons
  Sonja (D:12)
  4 iron trolls
  9 spriggans
  3 wretched stars (Abyss:3)
  2 pharaoh ants
  6 skeletal warriors
  A fire crab (Abyss:3)
  A skyshark (Lair:3)
  A goliath frog (Swamp:2)
  A sun moth (Spider:4)
  12 orb spiders
  5 sixfirhies
  7 glowing orange brains
  A flayed ghost (Depths:3)
  2 spriggan druids
  7 bog bodies
  31 deep trolls
  12 swamp dragons
  A sphinx zombie (Vaults:2)
  4 steelbarb worms
  8 wizards
  18 ironbound convokers
  9 lindwurms
  10 harpies
  3 deep elf pyromancers (D:14)
  2 phantasmal warriors (Vaults:4)
  6 necromancers
  10 orc knights
  16 wolf spiders
  4 orc sorcerers (Orc:2)
  A deep elf zephyrmancer (D:15)
  35 ugly things
  6 manticores
  7 will-o-the-wisps
  2 worldbinders (Abyss:2)
  10 cyclopes
  2 tengu skeletons (Vaults:2)
  A guardian serpent (Abyss:2)
  12 elephants
  A toenail golem (D:10)
  15 moths of wrath
  18 vault sentinels
  A rust devil (Abyss:3)
  2 black mambas
  A naga mage (Abyss:2)
  3 frost giant skeletons (Vaults:2)
  An apocalypse crab (Abyss:3)
  8 smoke demons
  3 torpor snails
  2 gargoyles
  8 komodo dragons
  Maggie (Lair:2)
  5 rime drakes
  2 orange demons
  2 elf skeletons (Vaults:2)
  A yaktaur zombie (Vaults:3)
  4 unseen horrors
  10 cane toads
  A rime drake (shapeshifter) (Abyss:2)
  A yaktaur skeleton (Vaults:4)
  14 yaktaurs
  3 efreet
  A kobold demonologist (D:13)
  An ice devil (Depths:1)
  3 ancient zymes (Abyss:3)
  5 tengu conjurers
  A tormentor (Depths:1)
  5 trolls
  3 red devils
  2 polar bears
  5 human skeletons (Vaults:2)
  The ghost of juan097 the Ruffian, an amateur DrTm (D:4)
  A bloated husk (Swamp:3)
  11 hornets
  16 tarantellas
  2 nameless horrors
  11 raiju
  8 tyrant leeches
  13 blink frogs
  11 dream sheep
  The ghost of jlumianski the Ducker, an amateur DjFE (D:5)
  46 slime creatures
  A stone giant simulacrum (Vaults:4)
  10 culicivoras
  19 jumping spiders
  2 shadows (D:12)
  3 ettin skeletons (Vaults:2)
  5 flying skulls (Abyss:3)
  A deep troll skeleton (Vaults:2)
  9 wyverns
  A water elemental (Depths:1)
  36 yaks
  A basilisk (shapeshifter) (D:14)
  A fire elemental (Depths:1)
  4 starcursed masses (Abyss:3)
  3 wraiths
  2 basilisks (Lair:5)
  4 ynoxinuls
  3 chaos spawn
  3 neqoxecs
  3 vampire mosquitoes
  2 human simulacra (Vaults:4)
  36 redbacks
  A warg (Orc:1)
  2 nagas (Abyss:2)
  An acid dragon (D:14)
  15 swamp worms
  2 glowing shapeshifter zombies (Vaults:3)
  13 water moccasins
  6 large abominations
  5 swamp drakes
  An ice beast (D:11)
  30 orc warriors
  4 black bears
  A sky beast (D:6)
  A black bear (shapeshifter) (D:15)
  7 small abominations
  4 boggarts
  18 wolves
  An ogre (Orc:2)
  7 centaurs
  2 kobold brigands
  6 bullfrogs
  2 scorpions
  A gnoll sergeant (D:8)
  A necrophage (Swamp:2)
  2 wights
  6 killer bees
  5 howler monkeys
  2 electric eels (Lair:5)
  A centaur zombie (D:5)
  2 hounds
  3 quasits (Abyss:3)
  Crazy Yiuf (D:3)
  A bullfrog skeleton (D:5)
  22 orc priests
  2 iron imps (Abyss:3)
  An iguana (D:6)
  9 orc wizards
  A howler monkey zombie (D:5)
  3 gnolls
  2 dart slugs (D:3)
  47 orcs
  2 bats
  4 endoplasms
  3 giant cockroaches (D:2)
  A goblin (D:2)
  3 hobgoblins
  4 kobolds
  2 quokkas
  4 ball pythons
  A frilled lizard (D:1)
  2 rats
  A lurking horror (Abyss:3)
  6 starspawn tentacles
  3 tentacles (Abyss:3)
1414 creatures vanquished.

Vanquished Creatures (collateral kills)
  2 caustic shrikes (Depths:4)
  An Orb Guardian (Zot:5)
  A sphinx (Depths:3)
  Agnes (D:15)
  A shadow dragon (Depths:3)
  A storm dragon (Zot:2)
  A vault warden (Vaults:4)
  A ghost moth (Spider:4)
  3 emperor scorpions
  A draconian shifter (Zot:3)
  An orc warlord (Vaults:2)
  A formless jellyfish (Vaults:3)
  4 very ugly things
  2 stone giants
  An ironbound thunderhulk (Vaults:4)
  A dire elephant (Vaults:2)
  A spark wasp (Spider:3)
  2 ettins
  Josephine (D:15)
  A great orb of eyes (Vaults:3)
  A vault guard (Vaults:4)
  A rakshasa (Depths:2)
  A hydra (D:14)
  A hell beast (Depths:2)
  2 catoblepae (Lair:5)
  A two-headed ogre (D:10)
  6 centaur warriors
  A boulder beetle (Lair:4)
  2 deep troll earth magi (Depths:4)
  2 demonic crawlers (Spider:1)
  2 tengu warriors (D:13)
  4 death yaks
  5 skeletal warriors
  2 orb spiders (Spider:4)
  3 steelbarb worms
  3 harpies (Vaults:1)
  A phantasmal warrior (Vaults:2)
  A lindwurm (Vaults:2)
  A wizard (Vaults:3)
  2 orc knights (Vaults:2)
  A deep elf pyromancer (D:14)
  7 wolf spiders
  A manticore (D:13)
  7 ugly things
  A moth of wrath (Spider:4)
  A cyclops (D:14)
  An elephant (Lair:5)
  A vault sentinel (Vaults:2)
  3 torpor snails
  A cane toad (Lair:1)
  2 rime drakes
  3 yaktaurs
  4 komodo dragons
  10 tarantellas
  A polar bear (Lair:3)
  4 blink frogs
  Prince Ribbit (D:6)
  A dream sheep (Lair:5)
  2 slime creatures (Vaults:1)
  11 jumping spiders
  3 culicivoras
  A small abomination (Abyss:3)
  A shadow (D:13)
  4 wyverns
  4 wraiths
  A human (shapeshifter) (D:14)
  6 yaks
  3 vampire mosquitoes
  4 redbacks
  Menkaure (D:6)
  3 wargs
  A swamp worm (Swamp:3)
  An acid dragon (shapeshifter) (D:13)
  A water moccasin (Lair:1)
  An acid dragon (D:11)
  6 ice beasts
  4 orc warriors
  A black bear (D:6)
  An ogre (Orc:2)
  3 centaurs
  5 wolves
  2 scorpions
  A gnoll sergeant (D:8)
  2 kobold brigands
  3 bullfrogs
  9 wights
  10 killer bees
  4 howler monkeys
  A jelly (D:6)
  A gnoll bouda (D:5)
  4 orc priests
  3 hounds
  A sleepcap (D:6)
  2 iguanas
  6 orc wizards
  15 gnolls
  3 adders
  A white imp (D:3)
  27 orcs
  3 ball pythons
  3 bats
  7 endoplasms
  A giant cockroach (D:2)
  5 goblins
  5 hobgoblins
  3 jackals (D:2)
  4 quokkas
  5 frilled lizards
  12 kobolds
  6 ball lightnings
337 creatures vanquished.

Vanquished Creatures (others)
  A wizard (Vaults:3)
  A wolf spider (Spider:4)
  292 ball lightnings
  18 foxfires
  3 starspawn tentacles
  A tentacle (Abyss:3)
316 creatures vanquished.

Grand Total: 2067 creatures vanquished

Notes
Turn   | Place    | Note
-------+----------+-------------------------------------------
     0 | D:1      | Midn8 the Draconian Summoner began the quest for the Orb.
     0 | D:1      | Reached XP level 1. HP: 14/14 MP: 3/3
   299 | D:1      | Reached XP level 2. HP: 15/20 MP: 1/5
   364 | D:1      | Learned a level 2 spell: Call Imp
   500 | D:1      | Found Vugroeco's Book Emporium.
  1065 | D:2      | Reached XP level 3. HP: 25/26 MP: 2/7
  1293 | D:2      | Learned a level 3 spell: Call Canine Familiar
  1460 | D:2      | Found an ancient bone altar of Kikubaaqudgha.
  1505 | D:2      | Reached XP level 4. HP: 33/33 MP: 3/10
  1622 | D:2      | Found a faded altar of an unknown god.
  1745 | D:2      | Found Qemisil's Distillery.
  1749 | D:2      | Bought a potion of heal wounds for 55 gold pieces
  2341 | D:3      | Found a faded altar of an unknown god.
  2346 | D:3      | Found a sparkling altar of Nemelex Xobeh.
  2757 | D:3      | Found a runed translucent door.
  2758 | D:3      | Noticed Crazy Yiuf
  2923 | D:4      | Reached skill level 5 in Summonings
  2923 | D:4      | Reached XP level 5. HP: 15/38 MP: 5/11
  3233 | D:4      | Found Hipeesu's Armour Emporium.
  3447 | D:4      | Found a runed translucent door.
  3450 | D:4      | Noticed a black bear
  3451 | D:4      | Noticed juan097's ghost (amateur DrTm)
  3505 | D:4      | Reached skill level 1 in Fighting
  3505 | D:4      | Reached XP level 6. HP: 47/47 MP: 5/12
  3953 | D:5      | Entered Level 5 of the Dungeon
  3970 | D:5      | Reached skill level 2 in Fighting
  4068 | D:5      | Reached skill level 3 in Fighting
  4313 | D:5      | Found a shadowy altar of Dithmenos.
  4524 | D:5      | Noticed an ice beast
  4534 | D:5      | Killed an ice beast
  4603 | D:5      | Your scales start taking on a pale cyan-grey colour.
  4603 | D:5      | Reached XP level 7. HP: 51/57 MP: 7/13
  4603 | D:5      | Gained mutation: You are immune to the effects of steam.
                  | [Pale Draconian growth]
  4782 | D:5      | Identified a scroll of acquirement
  4782 | D:5      | Acquired the scarf "Ropsast" {rC+ rF+, rCorr Str+5 Int+5}
  4793 | D:5      | Learned a level 4 spell: Summon Lightning Spire
  4796 | D:5      | Found a transporter.
  4800 | D:5      | Noticed jlumianski's ghost (amateur DjFE)
  4801 | D:5      | Found a transporter.
  4844 | D:5      | Reached skill level 1 in Air Magic
  5013 | D:5      | Found a broken altar of Ashenzari.
  5086 | D:5      | Got the Compendium of Ill Luck
  5119 | D:5      | Became a worshipper of Ashenzari the Shackled
  5519 | D:6      | Noticed Prince Ribbit
  5533 | D:6      | Killed Prince Ribbit
  5534 | D:6      | Reached XP level 8. HP: 63/63 MP: 6/15
  5540 | D:6      | Reached skill level 5 in Spellcasting
  5595 | D:6      | Found a staircase to the Ecumenical Temple.
  5641 | D:6      | Learned a level 4 spell: Airstrike
  5688 | D:6      | Noticed Menkaure
  5693 | D:6      | Killed Menkaure
  5694 | D:6      | Reached skill level 5 in Air Magic
  6269 | D:6      | Found a white marble altar of Elyvilon.
  6272 | D:6      | Found a stormy altar of Qazlal.
  6353 | D:6      | Found a shimmering altar of Xom.
  6356 | D:6      | Found a radiant altar of Vehumet.
  6477 | D:7      | Reached * piety under Ashenzari
  6770 | D:7      | Identified the +10 whip of the Fulmar {elec, rElec rC+
                  | rCorr Str+2}
  6944 | D:7      | Reached XP level 9. HP: 41/69 MP: 12/18
  7589 | D:7      | Reached ** piety under Ashenzari
  7689 | D:7      | Reached skill level 5 in Dodging
  7748 | D:7      | Found an iron altar of Okawaru.
  7844 | D:8      | Reached skill level 1 in Ice Magic
  8129 | D:4      | Bought an orb of energy for 224 gold pieces
  8331 | D:8      | Noticed a komodo dragon
  8334 | D:8      | Killed a komodo dragon
  8335 | D:8      | Reached skill level 5 in Fighting
  8395 | D:8      | Reached skill level 6 in Fighting
  8423 | D:8      | Reached XP level 10. HP: 83/83 MP: 9/19
  8506 | D:8      | Learned a level 5 spell: Freezing Cloud
  8859 | D:8      | Reached *** piety under Ashenzari
  9096 | D:8      | Reached skill level 1 in Conjurations
  9455 | D:9      | Noticed Erica
  9459 | D:9      | Killed Erica
  9460 | D:9      | Reached skill level 5 in Ice Magic
 10083 | D:9      | Reached **** piety under Ashenzari
 10196 | D:10     | Entered Level 10 of the Dungeon
 10227 | D:10     | Reached skill level 1 in Maces & Flails
 10321 | D:10     | Found a staircase to the Orcish Mines.
 10619 | D:10     | Noticed a two-headed ogre
 10630 | D:10     | Killed a two-headed ogre
 10950 | D:10     | Noticed a gargoyle
 10953 | D:10     | Killed a gargoyle
 10954 | D:10     | Reached XP level 11. HP: 89/89 MP: 10/20
 11048 | D:10     | Found a sacrificial altar of Ru.
 11112 | D:10     | Reached skill level 5 in Conjurations
 11680 | D:11     | Found a staircase to the Lair.
 11868 | D:11     | Noticed a two-headed ogre
 11873 | D:11     | Killed a two-headed ogre
 12122 | D:11     | Found an opulent altar of Gozag.
 12190 | Lair:1   | Entered Level 1 of the Lair of Beasts
 12451 | Lair:1   | Reached skill level 7 in Fighting
 12455 | Lair:1   | Reached ***** piety under Ashenzari
 13113 | Lair:1   | Reached skill level 8 in Fighting
 13527 | Lair:2   | Reached XP level 12. HP: 110/110 MP: 17/26
 13608 | Lair:2   | Reached skill level 9 in Fighting
 13712 | Lair:2   | Noticed Maggie
 13720 | Lair:2   | Killed Maggie
 14193 | Lair:2   | Reached skill level 10 in Air Magic
 15640 | Lair:3   | Found a staircase to the Swamp.
 15658 | Lair:3   | Found a hole to the Spider Nest.
 16081 | Lair:4   | Reached skill level 1 in Fire Magic
 16155 | Lair:4   | Noticed a boulder beetle
 16160 | Lair:4   | Killed a boulder beetle
 16229 | Lair:4   | Learned a level 6 spell: Plasma Beam
 16273 | Lair:4   | Reached XP level 13. HP: 118/118 MP: 7/27
 16506 | Lair:4   | Reached skill level 5 in Fire Magic
 16975 | Lair:4   | Identified the +9 war axe of Idwivuhioc {antimagic, Dex+2}
 17300 | Lair:4   | Reached skill level 10 in Fighting
 17960 | Lair:4   | Reached skill level 11 in Fighting
 18155 | Lair:5   | Entered Level 5 of the Lair of Beasts
 18221 | Lair:4   | Reached skill level 12 in Fighting
 18532 | Lair:5   | Learned a level 3 spell: Swiftness
 18820 | Lair:5   | Found a staircase to the Slime Pits.
 18821 | Lair:5   | Found a viscous altar of Jiyva.
 19122 | Lair:5   | Reached XP level 14. HP: 131/135 MP: 16/28
 19594 | Lair:5   | Identified the Octavo of Attacks
 19777 | Lair:5   | Learned a level 5 spell: Irradiate
 20280 | D:12     | Noticed Sonja
 20281 | D:12     | Killed Sonja
 20412 | D:12     | Reached skill level 1 in Transmutations
 21356 | D:13     | Reached skill level 13 in Fighting
 21631 | D:13     | Acquired the Catalogue of the Changed Sixfirhy
 21684 | D:13     | Found a gate to the Vaults.
 21684 | D:13     | Noticed an ironbound preserver
 21693 | D:13     | Killed an ironbound preserver
 22805 | D:14     | Reached skill level 10 in Spellcasting
 22815 | D:14     | Reached XP level 15. HP: 96/145 MP: 19/32
 22934 | D:14     | Reached skill level 14 in Fighting
 23034 | D:14     | Found an iron altar of Okawaru.
 23386 | D:14     | Identified the amulet of Lugonu's Fury {Acrobat rC- rN++
                  | Str+3 SInv}
 24482 | D:15     | Entered Level 15 of the Dungeon
 24482 | D:15     | Noticed Agnes
 24482 | D:15     | Noticed Josephine
 24621 | D:14     | Reached skill level 15 in Fighting
 25271 | D:15     | Found a runed translucent gate.
 25284 | D:15     | Found a runed translucent gate.
 25285 | D:15     | Found a runed translucent gate.
 25287 | D:15     | Identified the +9 chain mail of Xepeun {-Tele Str+2 Int+5}
 25289 | D:15     | Noticed AwFulAwFulPlayer's ghost (adept DsCK)
 25322 | D:15     | Identified the +0 robe of Supple Strength {*Corrode Will+
                  | Str+4}
 25541 | D:15     | Reached skill level 16 in Fighting
 25752 | D:15     | Identified the +4 short sword "Vuut" {heavy, +Blink Fly
                  | Str+2}
 25760 | D:15     | Killed Agnes
 25978 | D:15     | Killed Josephine
 26164 | D:15     | Found a staircase to the Depths.
 26580 | D:3      | Killed Crazy Yiuf
 26645 | D:4      | Killed juan097's ghost
 26735 | D:5      | Killed jlumianski's ghost
 26882 | Orc:1    | Entered Level 1 of the Orcish Mines
 27007 | Orc:2    | Entered Level 2 of the Orcish Mines
 27085 | Orc:2    | Reached skill level 17 in Fighting
 27218 | Orc:1    | Found Paompera's Antique Weapon Emporium.
 27483 | Orc:2    | Noticed Nessos
 27490 | Orc:2    | Paralysed by Nessos for 5 turns
 27496 | Orc:2    | Killed Nessos
 27684 | Orc:2    | Learned a level 6 spell: Conjure Ball Lightning
 27894 | Orc:2    | Found a staircase to the Elven Halls.
 28226 | Orc:2    | Reached skill level 10 in Dodging
 28792 | Orc:2    | Found Owuebeh's Antique Armour Emporium.
 28792 | Orc:2    | Found Vuskoluh's Antique Weapon Emporium.
 28794 | Orc:2    | Found Jaurirr's General Store.
 28794 | Orc:2    | Found Genekku's Jewellery Shoppe.
 29012 | Orc:2    | Bought the ring "Diunwoac" {rC+++ rCorr EV+5 Str-5} for
                  | 1023 gold pieces
 29236 | D:2      | Bought a potion of experience for 550 gold pieces
 29236 | D:2      | Bought a potion of resistance for 110 gold pieces
 29236 | D:2      | Bought a potion of brilliance for 44 gold pieces
 29236 | D:2      | Reached XP level 16. HP: 162/162 MP: 33/33
 29525 | Spider:1 | Entered Level 1 of the Spider Nest
 29607 | Spider:1 | Reached XP level 17. HP: 153/170 MP: 27/34
 30677 | Spider:1 | Noticed Rupert
 30689 | Spider:1 | Killed Rupert
 30954 | Spider:1 | Identified the +4 scale mail of Subjectivity {Harm rC++
                  | Regen+ Stlth-}
 31475 | Spider:1 | Learned a level 8 spell: Maxwell's Capacitive Coupling
 31974 | Spider:2 | Reached skill level 15 in Air Magic
 32003 | Spider:2 | Found a transporter.
 32003 | Spider:2 | Noticed Jorgrun
 32013 | Spider:2 | Killed Jorgrun
 32123 | Spider:2 | Found a transporter.
 32123 | Spider:2 | Identified the +1 pair of boots of Defence {Rampage rPois
                  | rC- rCorr}
 33847 | Spider:3 | Noticed Nikola
 33851 | Spider:3 | Killed Nikola
 34531 | Spider:4 | Entered Level 4 of the Spider Nest
 34600 | Spider:4 | Paralysed by a jorogumo for 3 turns
 35472 | Spider:4 | Reached XP level 18. HP: 175/178 MP: 21/36
 36565 | Spider:4 | Identified the cursed +2 pair of gloves of the Sibylline
                  | Lethargy {Alch, Comp} (You found it on level 3 of the
                  | Dungeon)
 36565 | Spider:4 | Identified the cursed +2 pair of boots "Repose of
                  | Ashenzari" {Cun, Comp} (You found it on level 1 of the
                  | Dungeon)
 36575 | Spider:4 | Reached skill level 18 in Fighting
 36802 | Spider:4 | Got a gossamer rune of Zot
 37049 | Swamp:1  | Entered Level 1 of the Swamp
 38421 | Swamp:2  | Reached skill level 19 in Fighting
 38856 | Swamp:2  | Noticed Aizul
 38861 | Swamp:2  | Killed Aizul
 40112 | Swamp:4  | Entered Level 4 of the Swamp
 40558 | Swamp:4  | Reached skill level 5 in Transmutations
 41265 | Swamp:4  | Reached XP level 19. HP: 181/191 MP: 22/37
 41378 | Swamp:4  | Got a decaying rune of Zot
 42083 | Elf:1    | Entered Level 1 of the Elven Halls
 42262 | Vaults:1 | Entered Level 1 of the Vaults
 43694 | Vaults:1 | Learned a level 7 spell: Storm Form
 44054 | Vaults:1 | Found Luecvoki's Weapon Boutique.
 44221 | Vaults:1 | Paralysed by a sphinx for 5 turns
 44457 | Vaults:1 | Noticed Donald
 44469 | Vaults:1 | Killed Donald
 44470 | Vaults:1 | Reached skill level 1 in Unarmed Combat
 45031 | Vaults:2 | Identified the ring "Ucsumapn" {rC+ SInv}
 45607 | Vaults:2 | Reached skill level 5 in Unarmed Combat
 46586 | Vaults:2 | Found a staircase to the Crypt.
 46722 | Vaults:2 | Found Muypsaz's General Store.
 46846 | Vaults:3 | Reached XP level 20. HP: 200/200 MP: 38/41
 46851 | Abyss:2  | Cast into level 2 of the Abyss (a wizard)
 46878 | Abyss:2  | Found a corrupted altar of Lugonu.
 46884 | Abyss:2  | Found a corrupted altar of Lugonu.
 46884 | Abyss:2  | Found a corrupted altar of Lugonu.
 47155 | Abyss:2  | Noticed a bone dragon
 47165 | Abyss:2  | Killed a bone dragon
 47166 | Abyss:2  | Reached skill level 10 in Unarmed Combat
 47248 | Abyss:2  | Noticed a bone dragon
 47266 | Abyss:2  | Killed a bone dragon
 47385 | Vaults:3 | Escaped the Abyss
 47695 | Vaults:3 | Noticed Mara
 47703 | Vaults:3 | Killed Mara
 47863 | Vaults:3 | Noticed Bai Suzhen
 47874 | Vaults:3 | Killed Bai Suzhen
 48118 | Vaults:3 | Noticed Xtahua
 48126 | Vaults:3 | Killed Xtahua
 48496 | Vaults:3 | Paralysed by a formless jellyfish for 1 turns
 48556 | Vaults:3 | Paralysed by a great orb of eyes for 2 turns
 48801 | Vaults:3 | Identified the +5 glaive of Mastery {antimagic, Str+5}
 48952 | Vaults:3 | Found a runed translucent door.
 48954 | Vaults:3 | Noticed Konionua's ghost (adept KoEn)
 48960 | Vaults:3 | Killed Konionua's ghost
 50287 | Vaults:4 | Reached skill level 20 in Fighting
 50760 | Vaults:4 | Found a transporter.
 50765 | Vaults:4 | Identified Lugonu's Information on the Singularity
 50771 | Vaults:4 | Found a one-way gate to the infinite horrors of the Abyss.
 50771 | Vaults:4 | Noticed Qeunemit's ghost (adept GrFi)
 50809 | Vaults:4 | Found a transporter.
 51083 | Vaults:4 | Reached XP level 21. HP: 196/209 MP: 25/40
 51265 | Vaults:4 | Found Gakyih's Distillery.
 51273 | Vaults:4 | Bought a potion of curing for 54 gold pieces
 51273 | Vaults:4 | Bought a potion of heal wounds for 90 gold pieces
 51273 | Vaults:4 | Bought a potion of heal wounds for 90 gold pieces
 51273 | Vaults:4 | Bought a potion of curing for 54 gold pieces
 51551 | Depths:1 | Entered Level 1 of the Depths
 51551 | Depths:1 | Found a gateway to Hell.
 51587 | Depths:1 | Reached skill level 21 in Fighting
 51602 | Depths:1 | Found a magical portal.
 51612 | WizLab   | Entered Tukima's Studio
 51727 | WizLab   | Found the +3 pair of seven-league boots {Rampage+∞}
 51992 | D:15     | Killed AwFulAwFulPlayer's ghost
 52352 | Depths:1 | Found a one-way gate leading to the halls of Pandemonium.
 52756 | Depths:1 | Found a white marble altar of Elyvilon.
 53175 | Depths:2 | Found a sparkling altar of Nemelex Xobeh.
 53288 | Depths:2 | Reached skill level 15 in Spellcasting
 54372 | Depths:2 | Found the +8 autumn katana {manifold assault}
 54477 | Depths:3 | Found a flickering gateway to a bazaar.
 54483 | Bazaar   | Entered a bazaar
 54486 | Bazaar   | Found Koaluaw's Weapon Emporium.
 54486 | Bazaar   | Found Lucsit's Weapon Shoppe.
 54493 | Bazaar   | Found Tedeuzeu's Antique Armour Shoppe.
 54493 | Bazaar   | Found Nopn's Antique Armour Emporium.
 54501 | Bazaar   | Bought an embroidered hat for 126 gold pieces
 54509 | Bazaar   | Bought a pair of embroidered gloves for 225 gold pieces
 54544 | Depths:3 | Found a huge runed gate.
 54544 | Depths:3 | Found a huge runed gate.
 54544 | Depths:3 | Found a huge runed gate.
 54544 | Depths:3 | Found a huge runed gate.
 54544 | Depths:3 | Found a huge runed gate.
 54544 | Depths:3 | Found a huge runed gate.
 54544 | Depths:3 | Found a huge runed gate.
 54544 | Depths:3 | Found a huge runed gate.
 54545 | Depths:3 | Found a huge runed gate.
 54552 | Depths:3 | Found a huge runed gate.
 54564 | Depths:3 | Found a huge runed gate.
 54566 | Depths:3 | Found a huge runed gate.
 54574 | Depths:3 | Found a huge runed gate.
 54574 | Depths:3 | Found a huge runed gate.
 54574 | Depths:3 | Found a huge runed gate.
 54574 | Depths:3 | Found a huge runed gate.
 54574 | Depths:3 | Found a huge runed gate.
 54574 | Depths:3 | Found a huge runed gate.
 54953 | Depths:3 | Noticed a golden dragon
 55018 | Depths:3 | Reached skill level 10 in Summonings
 55019 | Depths:3 | Paralysed by a sphinx for 5 turns
 55029 | Depths:2 | Paralysed by a sphinx for 3 turns
 55042 | Depths:2 | Learned a level 7 spell: Summon Hydra
 55341 | Depths:3 | Noticed a caustic shrike
 55345 | Depths:3 | Killed a caustic shrike
 55465 | Depths:3 | Killed a golden dragon
 55782 | Depths:3 | Found a one-way gateway to a ziggurat.
 55841 | Depths:3 | Found a huge runed gate.
 55841 | Depths:3 | Found a huge runed gate.
 55842 | Depths:3 | Found a huge runed gate.
 55849 | Depths:3 | Found a huge runed gate.
 55849 | Depths:3 | Found a huge runed gate.
 55849 | Depths:3 | Found a huge runed gate.
 55849 | Depths:3 | Found a huge runed gate.
 55849 | Depths:3 | Found a huge runed gate.
 55849 | Depths:3 | Found a huge runed gate.
 55850 | Depths:3 | Found a huge runed gate.
 55851 | Depths:3 | Found a huge runed gate.
 55853 | Depths:3 | Found a huge runed gate.
 55861 | Depths:3 | Found a huge runed gate.
 55861 | Depths:3 | Found a huge runed gate.
 55861 | Depths:3 | Found a huge runed gate.
 55861 | Depths:3 | Found a huge runed gate.
 55861 | Depths:3 | Found a huge runed gate.
 55877 | Depths:3 | Found a huge runed gate.
 55890 | Depths:3 | Reached XP level 22. HP: 223/224 MP: 45/45
 55904 | Depths:3 | Acquired 980 gold pieces
 55945 | Depths:3 | Reached skill level 22 in Fighting
 56234 | Depths:3 | Identified the Almanac of Red-Hot Filth
 56792 | Depths:3 | Reached ****** piety under Ashenzari
 57160 | Depths:2 | Noticed a caustic shrike
 57173 | Depths:3 | Killed a caustic shrike
 57207 | Depths:3 | Identified the cursed +2 hat "Scepticism of Ashenzari"
                  | {SInv, Self, Cun} (You bought it in a shop in a bazaar)
 57370 | Depths:2 | Reached skill level 23 in Fighting
 57993 | Depths:4 | Entered Level 4 of the Depths
 58020 | Depths:4 | Found Zual's Antique Armour Emporium.
 58217 | Depths:4 | Found a gate to the Realm of Zot.
 58426 | Depths:4 | Noticed Vv
 58442 | Depths:4 | Killed Vv
 58443 | Depths:4 | Reached skill level 24 in Fighting
 58525 | Depths:4 | Reached skill level 1 in Translocations
 58945 | Depths:4 | Reached skill level 5 in Translocations
 58990 | Depths:4 | Noticed a golden dragon
 58995 | Depths:4 | Killed a golden dragon
 59075 | Depths:4 | Noticed a caustic shrike
 59077 | Depths:4 | Noticed a caustic shrike
 59078 | Depths:4 | Noticed a caustic shrike
 59080 | Depths:4 | Killed a caustic shrike
 59084 | Depths:4 | Noticed a caustic shrike
 59088 | Depths:4 | Killed a caustic shrike
 59088 | Depths:4 | Killed a caustic shrike
 59091 | Depths:4 | Killed a caustic shrike
 59102 | Depths:4 | Noticed a caustic shrike
 59108 | Depths:4 | Killed a caustic shrike
 59238 | Depths:4 | Found Dioj's Weapon Emporium.
 59266 | Depths:4 | Learned a level 7 spell: Malign Gateway
 59302 | Depths:4 | Found a portal to a secret trove of treasure.
 59323 | Depths:4 | Noticed a golden dragon
 59328 | Depths:4 | Killed a golden dragon
 59387 | Depths:4 | Found a glowing golden altar of the Shining One.
 59389 | Depths:4 | Found Debadomi's Hallowed Reliquary.
 59415 | Depths:4 | Bought a potion of heal wounds for 80 gold pieces
 59415 | Depths:4 | Bought a potion of curing for 48 gold pieces
 59415 | Depths:4 | Bought a potion of heal wounds for 80 gold pieces
 59415 | Depths:4 | Bought a potion of heal wounds for 80 gold pieces
 59415 | Depths:4 | Bought a potion of curing for 48 gold pieces
 59500 | Depths:4 | Identified the +1 robe "Mewovut" {rC++ Stlth-}
 59741 | Depths:4 | Voluntarily entered the Abyss.
 59764 | Abyss:3  | Found a corrupted altar of Lugonu.
 59821 | Abyss:3  | Reached XP level 23. HP: 233/236 MP: 45/45
 59978 | Abyss:3  | Reached skill level 10 in Translocations
 60184 | Abyss:3  | Gained mutation: Your body sometimes deteriorates upon
                  | taking damage. [a neqoxec]
 60228 | Abyss:3  | Got an abyssal rune of Zot
 60259 | Depths:4 | Escaped the Abyss
 60303 | Zot:1    | Entered Level 1 of the Realm of Zot
 60521 | Zot:3    | Identified the staff of conjuration "Benoaron" {rPois Int-5
                  | Dex+3}
 60722 | Zot:5    | Entered Level 5 of the Realm of Zot
 60751 | Zot:5    | Reached skill level 15 in Dodging
 61475 | Zot:5    | Noticed an ancient lich
 61498 | Zot:5    | Noticed an orb of fire
 61501 | Zot:5    | Gained mutation: You are occasionally teleported next to
                  | monsters. [an orb of fire]
 61502 | Zot:5    | Killed an orb of fire
 61534 | Zot:5    | Killed an ancient lich
 61618 | Zot:3    | Found a glowing silver altar of Zin.
 61618 | Zot:3    | Identified the Handbook of the Zealot
 61618 | Zot:3    | Identified the Incunable of Fire and Brimstone
 61631 | Zot:3    | Noticed bakla's ghost (veteran DsBr)
 61919 | Depths:3 | Lost mutation: You are occasionally teleported next to
                  | monsters. [potion of mutation]
 61919 | Depths:3 | Lost mutation: Your body sometimes deteriorates upon taking
                  | damage. [potion of mutation]
 61919 | Depths:3 | Gained mutation: You passively dampen the noise of your
                  | surroundings. [potion of mutation]
 62694 | Zot:5    | Noticed an orb of fire
 62698 | Zot:5    | Killed an orb of fire
 62704 | Zot:5    | Noticed a Killer Klown
 62708 | Zot:5    | Killed a Killer Klown
 62821 | Zot:5    | Noticed a Killer Klown
 62825 | Zot:5    | Killed a Killer Klown
 62920 | Zot:5    | Reached XP level 24. HP: 34/245 MP: 37/45
 62933 | Zot:5    | Noticed a Killer Klown
 62939 | Zot:5    | Killed a Killer Klown
 63215 | Zot:5    | Got the Orb of Zot
 63349 | Depths:3 | Noticed Ilanep the pandemonium lord
 63733 | D:$      | Escaped with the Orb!

Illustrated notes

Levels and vault maps discovered:
D:1:      nzn_arrival_depleted_hourglass, layout_rooms, serial_shops,
          shop_statue
D:2:      layout_basic, basic_altar, serial_shops, nicolae_shop_back_alley_shop,
          basic_ecumenical_altar, hangedman_abyss_or_decor_lesser_grid,
          chequers_jeans, dreamdust_mushroom_princess
D:3:      layout_loops_ring, nicolae_overflow_ecumenical_swirl,
          uniq_crazy_yiuf_cottage
D:4:      layout_gridville, ebering_ghost_inner_flame, serial_shops,
          kennysheep_mini
D:5:      layout_loops_ring, nicolae_ashenzari_skybound,
          nicolae_dithmenos_shadow_blocks, gammafunk_ghost_mausoleum
D:6:      layout_cave_pools, grunt_temple_overflow_cloverleaf,
          minmay_temple_entry_junction, minmay_quadrilaterals,
          uniq_prince_ribbit1, uniq_menkaure
D:7:      layout_basic, mainiacjoe_overflow_boulevard
D:8:      layout_gridville, chequers_serial_rivers_large_b, grunt_potential
D:9:      layout_irregular_city, uniq_erica
D:10:     layout_irregular_city, mainiacjoe_overflow_tiny_flanked, erik_orc_4
D:11:     layout_big_octagon, hellmonk_lair_entry_icy, grunt_gozag_breadcrumbs
D:12:     layout_basic, uniq_sonja
D:13:     layout_loops_ring, skrybe_vaults_entry_preservation, kb_rosetta
D:14:     wad_woods_structure_01, layout_loops_ring, okawaru_ov_weapons_minmay,
          st_stairs_6
D:15:     hangedman_depths_entry_civil_slaughter, layout_rooms,
          biasface_ghost_orc_armoury, serial_park_tiny_2, uniq_agnes,
          uniq_josephine
Lair:1:   layout_gridlike
Lair:2:   layout_cave_pods, infiniplex_staircase_pool_2, uniq_maggie
Lair:3:   layout_regular_city, swamp_mist_pool,
          hellmonk_spider_entry_life_and_decay, lemuel_fruit_fields
Lair:4:   layout_long_grid, beast_lair_carwin_6, grunt_megastairs_1
Lair:5:   hangedman_lair_in_review, layout_concentric_octagons,
          dpeg_slime_entry_corner, grunt_megastairs_5, serial_bayou_shore_a
Swamp:1:  layout_basic_swamp, hangedman_swamp_diagram, swamp_pool2,
          hangedman_swamp_blocks, lightli_tree_ring, infiniplex_staircase_pool
Swamp:2:  layout_falls_marsh, evilmike_swamp_ruin_house_5, uniq_aizul
Swamp:3:  layout_basic_swamp, evilmike_swamp_ruin_house_3, swamp_pool5
Swamp:4:  swamp_alternative, layout_basic_swamp, swamp_pool1
Spider:1: nicolae_spider_hilbert_zone_2 [nicolae_spider_hilbert_4_sides_1_open,
          nicolae_spider_hilbert_4_sides_1_open,
          nicolae_spider_hilbert_4_sides_1_open,
          nicolae_spider_hilbert_4_sides_1_open,
          nicolae_spider_hilbert_6_sides_1_open,
          nicolae_spider_hilbert_6_sides_1_open,
          nicolae_spider_hilbert_3_sides_1_open,
          nicolae_spider_hilbert_3_sides_1_open,
          nicolae_spider_hilbert_3_sides_1_open,
          nicolae_spider_hilbert_3_sides_1_open,
          nicolae_spider_hilbert_6_sides_1_open,
          nicolae_spider_hilbert_6_sides_1_open,
          nicolae_spider_hilbert_6_sides_1_open,
          nicolae_spider_hilbert_6_sides_1_open], hellmonk_spider_spawner,
          uniq_rupert
Spider:2: gammafunk_boulding_lane, hangedman_spider_mandibles, uniq_jorgrun
Spider:3: layout_cave_pods, hangedman_spider_tarantella_strand,
          nicolae_spider_cling_halls, uniq_nikola
Spider:4: guppyfry_spider_rune
Orc:1:    layout_caves, serial_shops, shop
Orc:2:    st_orc_congregation, layout_diamond_mine, uniq_nessos
Elf:1:    minmay_elf_arrival_summoners, layout_geoelf_octagon,
          serial_corexii_hall, corexii_hall_statues_t, corexii_hall_statues_l,
          orc_legates, uniq_kirke, uniq_asterion
Vaults:1: vaults_room_octagon, nicolae_vaults_shipping_containers_3,
          nicolae_vaults_octothorpe, nicolae_vaults_closet_pinwheel_5,
          hangedman_vaults_pinch, v_misc_5, v_misc_2, dpeg_vaults_monster_box,
          layout_vaults_omnigrid, serial_shops, nicolae_shop_peninsula,
          uniq_donald
Vaults:2: st_check, nicolae_vaults_tangram_1, ontoclasm_vaults_loading_screen,
          ontoclasm_vaults_tryst, vaults_room_mumra_shop_pool,
          ontoclasm_vaults_fault, ontoclasm_vaults_eye,
          minmay_crypt_entry_skeletal_spiral, hangedman_vaults_corner_blocks,
          hangedman_vaults_restitches, nicolae_vaults_apartment_2,
          layout_vaults_ring
Vaults:3: ebering_ghost_reflecting_pool, nicolae_vaults_oval_intersection,
          nicolae_vaults_variable_pillar_hall, hangedman_vaults_snaps,
          vaults_mumra_minichess, st_lattice, nicolae_vaults_storage_closets_1,
          nicolae_vaults_network_square, ontoclasm_vaults_gateway,
          ontoclasm_vaults_ring_small, nicolae_vaults_heart-shaped_vault,
          hangedman_vaults_trim, vaults_dpeg_diagonal, layout_vaults_big_room,
          uniq_bai_suzhen, uniq_mara, uniq_xtahua
Vaults:4: gammafunk_ghost_abyssal_escape, vaults_room_pool,
          nicolae_vaults_prndl, vaults_mumra_hexcomb,
          nicolae_vaults_holding_cells, nicolae_vaults_tetromino_Z_2,
          nicolae_vaults_doubleplus_tesselated,
          nicolae_vaults_diagonal_hallway_9, ontoclasm_vaults_idyll, v_misc_29,
          vaults_room_stairs_pillars, nicolae_vaults_weapon_check,
          ontoclasm_vaults_twist, nicolae_vaults_tangram_1,
          nicolae_vaults_house_3, nicolae_vaults_house_1,
          layout_vaults_omnicross, serial_shops, shop
Depths:1: layout_cave_pools, minmay_hedge_maze, hell_entry, abyss_entry,
          mu_enter_wizlab_6, rand_demon_pan_entry_4, kennysheep_crisscross,
          elyvilon_altar_1
Depths:2: minmay_isolated_rectangles_in_corner, layout_gridlike, hellmouth_2,
          grunt_pan_entry_zigzag, chequers_serial_rivers_large_a,
          nemelex_xobeh_ov_fountains_minmay, infiniplex_staircase_squiggle
Depths:3: nzn_winding_woodlands_large [nzn_winding_woodlands_5x5_checkerboard,
          nzn_winding_woodlands_5x15_jagged, nzn_winding_woodlands_5x5_cross,
          nzn_winding_woodlands_center_lodge,
          nzn_winding_woodlands_15x15_five_gardens,
          nzn_winding_woodlands_center_garden,
          nzn_winding_woodlands_5x5_default,
          nzn_winding_woodlands_5x15_pathside_ponds,
          nzn_winding_woodlands_5x5_closed_star], layout_cave_shapes,
          enter_ziggurat_f, hangedman_geh_valley, minmay_misc_feat_hallway,
          serial_shops, bzr_in_the_mist, hangedman_abyss_entry_splay, door_vault
Depths:4: grunt_zot_entry_tricorne, layout_honeycomb, hell_entry, enter_trove_2,
          serial_shops, nicolae_shop_bloodbath_and_beyond,
          abyss_entry_glasseish, nicolae_good_shop, minmay_shop_star, uniq_vv
Zot:1:    hellmonk_paralyzer, layout_misc_corridors, grunt_megastairs_3
Zot:2:    grunt_deathspiral_small, layout_concentric_octagons,
          gammafunk_ghost_berserking_beasts
Zot:3:    nicolae_zot_draconian_monastery, layout_onion,
          gammafunk_ghost_wrathful_warriors, hangedman_zot_diagonal_lockstep
Zot:4:    layout_concentric_octagons
Zot:5:    layout_cathedral_of_symmetry

Skill      XL: |  1  2  3  4  5  6  7  8  9 10 11 12 13 14 15 16 17 18 19 20 21 22 23 24 |
---------------+-------------------------------------------------------------------------+-----
Spellcasting   | 3 4 6 8 10 11 13 16 | 16.0
Summonings     | 5 6 7 10 12 | 12.1
Fighting       | 1 3 6 8 9 12 13 17 19 20 21 24 | 24.0
Air Magic      | 4 7 8 9 12 17 18 | 18.0
Evocations     | 4 |  4.0
Dodging        | 2 5 8 11 12 14 17 18 | 18.4
Ice Magic      | 3 6 |  6.2
Conjurations   | 4 6 9 |  9.8
Maces & Flails | 4 |  4.3
Fire Magic     | 3 9 |  9.8
Transmutations | 4 5 |  5.5
Unarmed Combat | 9 10 | 10.8
Translocations | 9 11 | 11.7
Stealth        | |  1.7

Action                     |  1- 3 |  4- 6 |  7- 9 | 10-12 | 13-15 | 16-18 | 19-21 | 22-24 || total
---------------------------+-------+-------+-------+-------+-------+-------+-------+-------++-------
  Melee: Whip              |    58 |    59 |    56 |   121 |   413 |   244 |   173 |    44 ||  1168
         Tailslap          |     5 |     8 |     5 |    22 |   102 |    49 |    62 |     9 ||   262
         Punch             |     1 |       |     1 |       |       |       |    49 |    77 ||   128
         Unarmed           |       |       |       |       |       |       |   511 |   535 ||  1046
  Throw: Dart              |       |       |       |       |     2 |       |       |       ||     2
   Cast: Summon Small Mamm |    51 |    33 |     7 |       |       |       |       |       ||    91
         Call Imp          |     6 |    14 |    10 |     3 |     1 |       |       |       ||    34
         Call Canine Famil |     1 |    16 |    15 |     8 |     5 |    13 |     1 |       ||    59
         Summon Lightning  |       |       |    21 |    25 |    42 |    55 |    45 |    11 ||   199
         Airstrike         |       |       |    20 |   101 |    56 |    26 |    27 |    14 ||   244
         Freezing Cloud    |       |       |       |    35 |   112 |    27 |    27 |    22 ||   223
         Plasma Beam       |       |       |       |     6 |   106 |    42 |    43 |     5 ||   202
         Irradiate         |       |       |       |       |     4 |    29 |     7 |     1 ||    41
         Conjure Ball Ligh |       |       |       |       |     7 |    61 |    52 |       ||   120
         Swiftness         |       |       |       |       |     2 |     1 |     1 |       ||     4
         Maxwell's Capacit |       |       |       |       |       |    79 |    82 |    67 ||   228
         Storm Form        |       |       |       |       |       |       |    37 |    38 ||    75
         Summon Hydra      |       |       |       |       |       |       |     8 |    11 ||    19
 Invoke: Curse Item        |       |       |     3 |     5 |     2 |     1 |       |     1 ||    12
         Shatter the Chain |       |       |       |     1 |     1 |     1 |       |       ||     3
Ability: Breathe Steam     |       |       |     5 |     1 |     4 |    12 |     2 |       ||    24
         Blinkbolt         |       |       |       |       |       |       |    15 |       ||    15
         End Transformatio |       |       |       |       |       |       |     6 |     3 ||     9
  Evoke: Wand              |       |       |       |       |       |     1 |       |       ||     1
    Use: Scroll            |       |     9 |     7 |       |     4 |       |     6 |     7 ||    33
         Potion            |       |       |       |       |     2 |     2 |     2 |     9 ||    15
   Stab: Sleeping          |     1 |     5 |       |       |       |       |     3 |     2 ||    11
         Distracted        |       |       |       |     2 |     4 |     2 |     6 |     4 ||    18
         Paralysed         |       |       |       |       |       |     3 |       |       ||     3
 Armour: Skin              |    23 |    24 |    32 |    21 |    80 |   136 |   206 |   119 ||   641
  Dodge: Dodged            |    44 |    31 |    54 |   145 |   323 |   610 |   816 |   894 ||  2917

Table legend: (Time is in decaauts)
 A = Elapsed time spent in this place.
 B = Non-inter-level travel time spent in this place.
 C = Inter-level travel time spent in this place.
 D = Time resting spent in this place.
 E = Time spent auto-exploring this place.
 F = Levels seen in this place.
 G = Mean time per level.
                   A        B        C        D        E       F      G
               +--------+--------+--------+--------+--------+-----+--------+
         Total |  63815 |  58838 |   4977 |  23682 |  21552 |  49 | 1302.3 |
       Dungeon |  20780 |  18318 |   2462 |   7037 |   7978 |  15 | 1385.3 |
          Lair |   8630 |   7873 |    757 |   3737 |   3120 |   5 | 1726.0 |
         Swamp |   4893 |   4758 |    135 |   2207 |   1771 |   4 | 1223.2 |
   Spider Nest |   7341 |   7020 |    321 |   2918 |   2465 |   4 | 1835.2 |
  Orcish Mines |   2305 |   2064 |    241 |    885 |    632 |   2 | 1152.5 |
   Elven Halls |      6 |      6 |      0 |      0 |      0 |   1 |    6.0 |
        Vaults |   8358 |   8135 |    223 |   3187 |   2879 |   4 | 2089.5 |
        Depths |   8083 |   7478 |    605 |   2780 |   2483 |   4 | 2020.8 |
           Zot |   2219 |   1989 |    230 |    894 |    223 |   5 |  443.8 |
         Abyss |   1000 |   1000 |      0 |      0 |      0 |   3 |  333.3 |
        Bazaar |     57 |     57 |      0 |      0 |      0 |   1 |   57.0 |
        Wizlab |    140 |    140 |      0 |     36 |      0 |   1 |  140.0 |
               +--------+--------+--------+--------+--------+-----+--------+

Top non-repeatable levels by time:
Depths:3: 2835 daAuts
Vaults:1: 2579 daAuts
Spider:3: 2509 daAuts
    D:14: 2391 daAuts
    D:13: 2371 daAuts
Spider:1: 2329 daAuts
Depths:2: 2316 daAuts
Vaults:3: 2064 daAuts
  Lair:4: 2020 daAuts
  Lair:3: 1974 daAuts
Vaults:2: 1894 daAuts
Vaults:4: 1819 daAuts
Depths:4: 1727 daAuts
     D:7: 1641 daAuts
  Lair:2: 1614 daAuts
